 Dungeon Crawl Stone Soup version 0.29-a0-284-gf9362112df (webtiles) character file.

Game seed: 7068293711358060106

268597 Zonian the Warrior (level 19, 0/154 (166) HPs)
             Began as a Demonspawn Ice Elementalist on Mar 27, 2022.
             Was the Champion of Makhleb.
             Slain by a deep elf blademaster
             ... wielding a +0 short sword
              (17 damage)
             ... on level 3 of the Elven Halls on Mar 28, 2022.
             The game lasted 03:36:53 (61318 turns).

Zonian the Warrior (Demonspawn Ice Elementalist)   Turns: 61318, Time: 03:36:54

HP:   0/154 (166)   AC: 22    Str: 16    XL:     19   Next: 38%
MP:   22/40         EV: 30    Int: 28    God:    Makhleb [******]
Gold: 1342          SH: 10    Dex: 24    Spells: 8/34 levels left

rFire   . . .      SeeInvis .   H - +8 quick blade of Simolism {venom, Dex+3}
rCold   + . .      Faith    .   k - +0 buckler
rNeg    . . .      Spirit   .   P - +1 scale mail of the Tarantula {rElec rC+ Will+ Int+3}
rPois   .          Reflect  .   n - +1 helmet
rElec   +          Harm     .   y - scarf {repulsion}
rCorr   .          Rampage  +   B - +0 pair of gloves
Will    ++...                   S - +2 pair of boots "Exaeku Cose" {Str+6 Int+2}
Stlth   ++++......              o - amulet "Uwexoag" {Acrobat Rampage Drain Int+7}
HPRegen 0.35/turn               x - ring of magical power
MPRegen 0.27/turn               W - ring of wizardry

@: acrobatic, drained, repel missiles
A: icemail 1, powered by death 2, sharp scales 3, condensation shield,
corrupting presence 1, weakness stinger 2
}: 2/15 runes: barnacled, gossamer
a: Renounce Religion, Minor Destruction, Lesser Servant of Makhleb, Major
Destruction, Greater Servant of Makhleb


You were on level 3 of the Elven Halls.
You worshipped Makhleb.
Makhleb was exalted by your worship.
You visited 6 branches of the dungeon, and saw 34 of its levels.
You visited the Abyss 1 time.
You visited 1 bazaar.
You also visited: Ossuary and Bailey.

You collected 3201 gold pieces.
You spent 1859 gold pieces at shops.

Inventory:

Hand Weapons
 i - a +9 dagger of electrocution
 q - the +8 hunting sling of Yvennar {venom, rPois Stlth+}
   (You found it on level 2 of the Shoals)

   Any ammunition fired from it poisons the flesh of those it strikes.
   rPois:     It protects you from poison.
   Stlth:     It makes you more stealthy.
 H - the +8 quick blade of Simolism (weapon) {venom, Dex+3}
   (You bought it in a shop on level 15 of the Dungeon)

   It poisons the flesh of those it strikes.
   Dex:       It affects your dexterity (+3).
 T - a +6 spectral short sword
Missiles
 c - 4 silver javelins
 z - 22 javelins
 N - 10 curare-tipped darts
 X - 7 boomerangs of dispersal
Armour
 a - a +2 leather armour of cold resistance
 k - a +0 buckler (worn)
 n - a +1 helmet (worn)
 y - a scarf of repulsion (worn)
 B - a +0 pair of gloves (worn)
 D - the +3 robe of Entitlement {Stlth+}
   (You found it on level 4 of the Lair of Beasts)

   Stlth:     It makes you more stealthy.
 P - the +1 scale mail of the Tarantula (worn) {rElec rC+ Will+ Int+3}
   (You took it off a merfolk javelineer on level 4 of the Shoals)

   Int:       It affects your intelligence (+3).
   rC:        It protects you from cold.
   rElec:     It insulates you from electricity.
   Will:      It increases your willpower.
 S - the +2 pair of boots "Exaeku Cose" (worn) {Str+6 Int+2}
   (You found it on level 11 of the Dungeon)

   Str:       It affects your strength (+6).
   Int:       It affects your intelligence (+2).
Jewellery
 j - a ring of ice
 l - a +4 ring of slaying
 o - the amulet "Uwexoag" (around neck) {Acrobat Rampage Drain Int+7}
   (You found it on level 3 of the Dungeon)

   [amulet of the acrobat]

   It increases your evasion while moving and waiting.
   Int:       It affects your intelligence (+7).
   Drain:     It drains your maximum health when unequipped.
   Rampage:   It bestows one free step when moving towards enemies.
 x - a ring of magical power (left hand)
 G - a ring of see invisible
 I - a ring of protection from cold
 K - a ring of fire
 W - a ring of wizardry (right hand)
Wands
 g - a wand of flame (22)
 w - a wand of iceblast (23)
 C - a wand of mindburst (21)
 E - a wand of charming (13)
 O - a wand of acid (5)
 U - a wand of digging (12)
Scrolls
 d - 2 scrolls of blinking
 r - 3 scrolls of silence
 A - a scroll of fear
 F - 3 scrolls of fog
 L - a scroll of magic mapping
 Q - 2 scrolls of teleportation
Potions
 b - 3 potions of magic
 f - 3 potions of heal wounds
 h - 5 potions of might
 m - 7 potions of ambrosia
 p - 6 potions of brilliance
 s - 10 potions of curing
 t - a potion of cancellation
 u - 5 potions of flight
 v - 2 potions of resistance
 J - 4 potions of invisibility
 V - 2 potions of haste
 Y - 2 potions of berserk rage
Miscellaneous
 e - a box of beasts
 R - a phantom mirror
 Z - a condenser vane (inert)


   Skills:
 - Level 19.0 Fighting
 - Level 12.0 Short Blades
 - Level 4.0 Slings
 - Level 5.0 Armour
 - Level 8.0 Dodging
 + Level 11.3 Stealth
 - Level 4.0 Shields
 - Level 8.0 Spellcasting
 - Level 10.0 Conjurations
 + Level 6.7 Hexes
 - Level 3.0 Summonings
 + Level 12.6 Ice Magic
 - Level 5.0 Earth Magic
 - Level 12.0 Invocations
 - Level 8.0 Evocations


You had 8 spell levels left.
You knew the following spells:

 Your Spells              Type           Power      Damage    Failure   Level
a - Freeze                Ice            100%       1d11      1%          1
b - Frozen Ramparts       Ice            100%       1d12      1%          3
c - Ozocubu's Armour      Ice            70%        N/A       1%          3
d - Hailstorm             Conj/Ice       65%        3d14      1%          4
e - Dazzling Flash        Conj/Hex       100%       N/A       1%          3
f - Stone Arrow           Conj/Erth      100%       3d13      1%          3
g - Summon Ice Beast      Ice/Summ       53%        N/A       3%          4
h - Metabolic Englaciati  Hex/Ice        30%        N/A       4%          5

Your spell library contained the following spells:

 Spells                   Type           Power      Damage    Failure   Level
 Sandblast                Erth           78%        2d17      1%          1
 Ensorcelled Hibernation  Hex/Ice        100%       N/A       1%          2
 Tukima's Dance           Hex            49%        N/A       1%          3
 Passwall                 Tmut/Erth      20%        N/A       4%          2
 Iskenderun's Battlesphe  Conj           61%        2d11      4%          5
 Ice Form                 Ice/Tmut       46%        N/A       6%          4
 Iskenderun's Mystic Bla  Conj/Tloc      39%        2d9       11%         4
 Sublimation of Blood     Necr           11%        N/A       13%         2
 Animate Armour           Summ/Erth      66%        N/A       16%         4
 Anguish                  Hex/Necr       15%        N/A       21%         4
 Gell's Gravitas          Tloc           11%        N/A       26%         3
 Lesser Beckoning         Tloc           11%        N/A       26%         3
 Swiftness                Air            11%        N/A       26%         3
 Teleport Other           Tloc           11%        N/A       26%         3
 Petrify                  Tmut/Erth      25%        N/A       28%         4
 Fireball                 Conj/Fire      19%        3d9       28%         5
 Irradiate                Conj/Tmut      19%        3d20      28%         5
 Ozocubu's Refrigeration  Ice            35%        4d12      38%         7
 Silence                  Hex/Air        15%        N/A       50%         5
 Iron Shot                Conj/Erth      26%        9d6       50%         6
 Animate Dead             Necr           5%         N/A       61%         4
 Borgnjor's Vile Clutch   Necr/Erth      12%        N/A       61%         5
 Simulacrum               Ice/Necr       23%        N/A       65%         6
 Orb of Destruction       Conj           30%        9d10      71%         7
 Conjure Ball Lightning   Conj/Air       19%        3x3d6     82%         6
 Starburst                Conj/Fire      19%        6d7       82%         6
 Agony                    Necr           11%        N/A       90%         5
 Blade Hands              Tmut           5%         N/A       90%         5
 Enfeeble                 Hex            24%        N/A       98%         7
 Death Channel            Necr           5%         N/A       100%        6
 Dispersal                Tloc           5%         N/A       100%        6
 Dragon Form              Tmut           5%         N/A       100%        7
 Monstrous Menagerie      Summ           14%        N/A       100%        7
 Disjunction              Tloc           5%         N/A       100%        8


Dungeon Overview and Level Annotations

Branches:
Dungeon (15/15)              Lair (6/6) D:10         Shoals (4/4) Lair:2
 Spider (4/4) Lair:3        Slime (0/5) Lair:6          Orc (2/2) D:10
    Elf (3/3) Orc:2        Vaults (0/5) D:13         Depths (0/4) D:15
Ossuary (visited)          Bailey (visited)
 Temple: D:4-7

Altars:
Ashenzari
Elyvilon
Fedhas
Gozag
Makhleb
Okawaru
Trog
Xom
Yredelemnul
The Shining One
Beogh

Shops:
D:7 (   D:15 (   Orc:2 ?:([(   Elf:2 (

Annotations:
D:4 3 runed translucent doors, Gibbon's ghost, amateur DrFE; Psyclone's ghost, amateur OpVM
D:7 Joseph
D:14 2 transporters, Ineisoh's ghost, journeyman DjFE; Roxanne
D:15 1 runed translucent door, Opripao's ghost, journeyman MiFi
Elf:2 8 runed translucent doors, exclusion: obsidian statue, Jimecuask's ghost, adept FeBe
Elf:3 1 runed translucent door, Psyclone's ghost, adept DECj


Innate Abilities, Weirdness & Mutations

A meltable icy envelope protects you from harm. (AC +4)
You regenerate health from kills.
You are completely covered in razor-sharp scales. (AC +3, Slay +3)
A meltable shield of frost defends you. (SH +4)
Your presence sometimes corrodes those you injure.
You have a tail ending in a sharp stinger.


Message History

You feel much better.
The ghostly deep elf high priest utters an invocation to its god.
The ghostly deep elf high priest begins emitting a brilliant aura!
Okay, then.
Casting: Dazzling Flash (safe; 1% risk of failure)
Confirm with . or Enter, or press ? or * to list all spells.
Okay, then.
Okay, then.
You hit the deep elf blademaster.
The deep elf blademaster looks as sick as possible!
The deep elf blademaster is heavily wounded.
The deep elf death mage seems less brilliant.
You block the deep elf blademaster's attack.
The deep elf blademaster hits you but does no damage.
Casting: Dazzling Flash (safe; 1% risk of failure)
Confirm with . or Enter, or press ? or * to list all spells.
Aiming: Stone Arrow (safe; 1% risk of failure)
Press: ? - help, Shift-Dir - straight line, f/p - deep elf blademaster
Aim: a deep elf blademaster, wielding two +0 short swords and wearing a +0 scale mail (severely wounded, extremely poisoned, 40% to hit)
The stone arrow hits the deep elf blademaster.
The deep elf blademaster is severely wounded.
The ghostly deep elf high priest mumbles some strange prayers to its god against you.
Something smites you!
* * * LOW HITPOINT WARNING * * *
The deep elf death mage is engulfed in poison gas.
The deep elf death mage is poisoned.
Your corrupting presence corrodes the deep elf death mage!
The deep elf blademaster hits you but does no damage.
The deep elf blademaster hits you with a +0 short sword.
* * * LOW HITPOINT WARNING * * *
The deep elf blademaster attacks as you move away!
You block the deep elf blademaster's attack. x2
You completely miss the deep elf blademaster.
Your tail-slap misses the deep elf blademaster.
The deep elf blademaster is severely wounded.
The deep elf blademaster attacks as you move away!
You block the deep elf blademaster's attack.
The deep elf blademaster barely misses you.
The deep elf blademaster hits you with a +0 short sword!
You die...

,,,,,* *,,,*,,,#.## #......##
,,,,,** **,,,*,,,##### ##⌠..⌠##.
,,,,,,****,,⌠,+,,,*#..#####''##.#
,,,,,,,,,,,,,,######..##..#..#.##
***,,,,,,,,####.)))......##..)##
**,,,,,###..).).#.)...####.##
*,,,,##......).#..)..#...##
*,,,,#....*..e.#....#.)...#
**,,,##....###@.##..###...##
###.,,,#....###...#...# #####
....,,,#e...##....#####
....,,##...###...##
....,,#.e..#.....#
...,,,#.e.#......#
###,,,#..###....##
..#####.).......#
......)†e......##


You could see a deep elf blademaster (very poisoned) and a lost soul (summoned).

Vanquished Creatures
  Nikola (Shoals:4)
  Jorgrun (D:13)
  Mlioglotl (Shoals:3)
  2 deep elf blademasters (Elf:3)
  Polyphemus (Shoals:4)
  A deep elf master archer (Elf:3)
  Donald (Elf:3)
  Kirke (Shoals:3)
  Louise (Spider:3)
  6 deep elf sorcerers
  3 emperor scorpions
  4 ghost moths
  A deep elf elementalist (Elf:3)
  2 broodmothers
  3 deep elf demonologists (Elf:3)
  6 deep elf annihilators
  2 entropy weavers
  A dire elephant (Lair:6)
  Azrael (D:13)
  Snorg (Lair:3)
  4 spark wasps
  The ghost of sirJeffrey23 the Martial Artist, a journeyman DsMo (D:11)
  7 merfolk javelineers
  6 merfolk impalers
  4 boulder beetles
  A deep elf high priest (Elf:3)
  2 vault guards (D:13)
  5 hydras
  A catoblepas (Lair:6)
  2 merfolk avatars (Shoals:2)
  2 ogre magi (Orc:2)
  2 radroaches (Spider:3)
  2 alligator snapping turtles
  7 centaur warriors
  8 merfolk aquamancers
  6 death yaks
  14 dancing weapons
  6 satyrs
  11 two-headed ogres
  A deep troll shaman (Lair:6)
  An orc high priest (Orc:2)
  Urug (Orc:2)
  Sonja (Orc:2)
  11 deep elf knights
  3 sun moths
  A goliath frog (shapeshifter) (Elf:2)
  7 pharaoh ants
  4 skeletal warriors (D:15)
  3 steelbarb worms
  14 sea snakes
  2 deep trolls (Orc:2)
  8 orb spiders
  A wizard (D:13)
  2 necromancers
  21 deep elf pyromancers
  4 orc knights
  Pikel (D:5)
  2 lindwurms
  12 deep elf archers
  8 ugly things
  15 harpies
  14 deep elf zephyrmancers
  26 fauns
  19 wolf spiders
  5 orc sorcerers
  12 manticores
  An oklob plant (Lair:6)
  4 moths of wrath
  7 merfolk sirens
  8 cyclopes
  A naga mage (D:15)
  Maurice (D:9)
  6 water nymphs
  27 elephants
  3 torpor snails
  5 black mambas
  13 cane toads
  3 demonic crawlers
  A gargoyle (D:11)
  2 centaur skeletons (D:15)
  2 unseen horrors (D:12)
  2 rime drakes
  3 yaktaurs (D:15)
  7 kobold demonologists
  Psyche (D:8)
  13 komodo dragons
  4 red devils (D:15)
  11 trolls
  3 polar bears
  26 merfolk
  6 meliai
  A troll (shapeshifter) (D:13)
  6 wind drakes
  A wolf spider simulacrum (D:15)
  20 tarantellas
  Prince Ribbit (D:5)
  6 hornets (Spider:4)
  13 blink frogs
  8 snapping turtles
  23 slime creatures
  3 air elementals
  24 jumping spiders
  A wraith (D:12)
  A culicivora (shapeshifter) (Elf:3)
  8 culicivoras
  A shadow (D:12)
  21 water elementals
  18 humans (D:13)
  5 wyverns
  A wyvern (shapeshifter) (D:14)
  A vampire (D:10)
  3 fire elementals
  7 hogs (Shoals:4)
  86 yaks
  Grum (D:8)
  5 basilisks
  9 vampire mosquitoes
  40 redbacks
  A death yak simulacrum (Lair:3)
  6 wargs
  2 acid dragons (D:11)
  14 water moccasins
  3 hell hounds (D:13)
  34 orc warriors
  2 ice beasts
  A sky beast (D:6)
  2 hornet zombies (D:15)
  2 black bears
  5 boggarts (D:14)
  23 ogres
  16 centaurs
  17 wolves
  2 phantoms
  4 kobold brigands
  6 elf zombies (Ossuary)
  2 gnoll sergeants
  A necrophage (D:5)
  8 bullfrogs
  6 earth elementals
  2 scorpions
  14 wights
  17 killer bees
  6 howler monkeys
  3 electric eels
  4 human zombies (Ossuary)
  4 hounds
  2 centaur zombies (Ossuary)
  11 orc priests
  A jelly (D:8)
  3 iguanas
  22 orc wizards
  4 mummies
  11 gnolls
  8 adders
  A shadow imp (D:6)
  3 white imps
  3 ufetubi
  3 worms
  A dart slug (D:2)
  89 orcs
  7 bats
  5 endoplasms
  5 giant cockroaches
  14 goblins
  12 hobgoblins
  28 kobolds
  5 quokkas
  7 ball pythons
  5 frilled lizards
  A hobgoblin zombie (D:4)
  A kobold zombie (D:4)
  5 rats
1268 creatures vanquished.

Vanquished Creatures (collateral kills)
  A deep elf death mage (Elf:3)
  A catoblepas (Shoals:4)
  2 death yaks (Shoals:4)
  A deep elf pyromancer (Elf:3)
  An elephant (Lair:4)
  A merfolk (Shoals:4)
  A jumping spider (Spider:2)
  A basilisk (Lair:4)
9 creatures vanquished.

Vanquished Creatures (others)
  A merfolk (Shoals:4)
  A tarantella (Spider:1)
  2 orcs (Orc:2)
  11 fungi
  262 plants
  4 withered plants (D:4)
281 creatures vanquished.

Grand Total: 1558 creatures vanquished

Notes
Turn   | Place    | Note
-------+----------+-------------------------------------------
     0 | D:1      | Zonian the Demonspawn Ice Elementalist began the quest for
                  | the Orb.
     0 | D:1      | Reached XP level 1. HP: 13/13 MP: 3/3
   406 | D:1      | Gained mutation: You have a small tail. [demonic ancestry]
   406 | D:1      | Reached XP level 2. HP: 17/19 MP: 1/5
   598 | D:1      | You fall into a shaft and drop 1 floor!
  2260 | D:1      | Gained mutation: You regenerate a little health from kills.
                  | [demonic ancestry]
  2260 | D:1      | Reached XP level 3. HP: 25/25 MP: 6/6
  2411 | D:1      | Reached skill level 1 in Fighting
  2417 | D:1      | Found a faded altar of an unknown god.
  4143 | D:2      | Reached skill level 1 in Short Blades
  4143 | D:2      | Reached XP level 4. HP: 32/32 MP: 7/7
  4842 | D:3      | Identified the amulet "Uwexoag" {Acrobat Rampage Drain
                  | Int+7}
  4896 | D:3      | Reached skill level 2 in Fighting
  5229 | D:3      | Reached XP level 5. HP: 38/38 MP: 8/8
  6094 | D:3      | Found a burning altar of Makhleb.
  6103 | D:3      | Became a worshipper of Makhleb the Destroyer
  6108 | D:3      | Found a basalt altar of Yredelemnul.
  6112 | D:3      | Found a blossoming altar of Fedhas.
  6596 | D:3      | Reached skill level 1 in Invocations
  7123 | D:4      | Noticed a phantom
  7148 | D:4      | Killed a phantom
  7149 | D:4      | Gained mutation: You are partially covered in razor-sharp
                  | scales. (AC +1, Slay +1) [demonic ancestry]
  7149 | D:4      | Reached XP level 6. HP: 19/46 MP: 9/9
  7464 | D:4      | Found a sand-covered staircase.
  7468 | Ossuary  | Entered an ossuary
  7493 | Ossuary  | Reached skill level 3 in Fighting
  7761 | Ossuary  | Reached XP level 7. HP: 35/52 MP: 10/10
  8103 | Ossuary  | Reached * piety under Makhleb
  8521 | Ossuary  | Reached skill level 4 in Fighting
  8948 | D:4      | Gained mutation: You are mostly covered in razor-sharp
                  | scales. (AC +2, Slay +2) [demonic ancestry]
  8948 | D:4      | Reached XP level 8. HP: 60/60 MP: 11/11
  9150 | D:4      | Found a runed translucent gate.
  9158 | D:4      | Found a runed translucent gate.
  9159 | D:4      | Found a runed translucent gate.
  9162 | D:4      | Noticed Psyclone's ghost (amateur OpVM)
  9162 | D:4      | Noticed Gibbon's ghost (amateur DrFE)
  9582 | D:4      | Learned a level 3 spell: Frozen Ramparts
  9586 | D:4      | Learned a level 3 spell: Ozocubu's Armour
 10184 | D:5      | Entered Level 5 of the Dungeon
 10559 | D:5      | Reached skill level 5 in Stealth
 10571 | D:5      | Noticed Pikel
 10609 | D:5      | Killed Pikel
 10610 | D:5      | Reached skill level 5 in Dodging
 10610 | D:5      | Reached skill level 5 in Invocations
 10845 | D:5      | Reached skill level 5 in Fighting
 10892 | D:5      | Gained mutation: A meltable shield of frost defends you.
                  | (SH +4) [demonic ancestry]
 10892 | D:5      | Reached XP level 9. HP: 68/68 MP: 13/13
 11290 | D:5      | Noticed Prince Ribbit
 11303 | D:5      | Killed Prince Ribbit
 11497 | D:6      | Reached ** piety under Makhleb
 11570 | D:6      | Reached skill level 5 in Ice Magic
 11585 | D:6      | Reached skill level 5 in Short Blades
 11921 | D:6      | Reached skill level 6 in Fighting
 13327 | D:7      | Found Xiliufij's Weapon Shop.
 13357 | D:7      | Noticed Joseph
 13701 | D:7      | Reached XP level 10. HP: 77/77 MP: 14/14
 14124 | D:8      | Noticed Psyche
 14131 | D:8      | Killed Psyche
 14132 | D:8      | Reached skill level 7 in Fighting
 14160 | D:8      | Reached *** piety under Makhleb
 15746 | D:8      | Noticed Grum
 15751 | D:8      | Reached skill level 8 in Fighting
 15761 | D:8      | Killed Grum
 16414 | D:9      | Reached **** piety under Makhleb
 16462 | D:9      | Found a flagged portal.
 16565 | Bailey   | Entered a bailey
 16767 | Bailey   | Noticed an orc knight
 16835 | Bailey   | Gained mutation: You regenerate health from kills. [demonic
                  | ancestry]
 16835 | Bailey   | Reached XP level 11. HP: 84/87 MP: 15/15
 17106 | Bailey   | Killed an orc knight
 17107 | Bailey   | Reached skill level 9 in Fighting
 17505 | D:9      | Found an iron altar of Okawaru.
 17562 | D:9      | Noticed Maurice
 17578 | D:9      | Killed Maurice
 17894 | D:9      | Reached ***** piety under Makhleb
 18863 | D:10     | Entered Level 10 of the Dungeon
 19073 | D:10     | Found a staircase to the Orcish Mines.
 19565 | D:10     | Found a staircase to the Lair.
 19710 | D:10     | Identified the +10 war axe of Roducay {drain, Stlth+}
 19954 | D:10     | Identified the +8 spear "Pyar Suo" {holy, rF+ Will+}
 20190 | D:10     | Noticed a two-headed ogre
 20203 | D:10     | Killed a two-headed ogre
 20587 | Lair:1   | Entered Level 1 of the Lair of Beasts
 20644 | Lair:1   | Noticed a fire dragon
 20759 | Lair:1   | Noticed a four-headed hydra
 20769 | Lair:1   | Killed a four-headed hydra
 20886 | Lair:1   | Reached skill level 10 in Fighting
 20914 | Lair:1   | Learned a level 4 spell: Hailstorm
 21026 | Lair:1   | Reached XP level 12. HP: 97/97 MP: 17/17
 21297 | Lair:1   | Reached skill level 1 in Conjurations
 21297 | Lair:1   | Reached skill level 1 in Evocations
 22590 | Lair:2   | Found a staircase to the Shoals.
 22698 | Lair:3   | Identified the +6 ring mail "Cenemm" {Harm Drain rPois
                  | Stlth+}
 22842 | Lair:3   | Noticed Snorg
 22852 | Lair:3   | Killed Snorg
 22938 | Lair:3   | Noticed a four-headed hydra
 22987 | Lair:3   | Killed a four-headed hydra
 23055 | Lair:3   | Found a frozen archway.
 23251 | Lair:3   | Found a hole to the Spider Nest.
 23958 | Lair:4   | Reached XP level 13. HP: 94/105 MP: 19/19
 24042 | Lair:4   | Reached skill level 11 in Fighting
 24139 | Lair:4   | Reached skill level 10 in Short Blades
 24479 | Lair:4   | Identified the +3 robe of Entitlement {Stlth+}
 24733 | Lair:4   | Reached skill level 5 in Conjurations
 24755 | Lair:4   | Reached skill level 5 in Evocations
 25338 | Lair:5   | Reached ****** piety under Makhleb
 27009 | Lair:6   | Entered Level 6 of the Lair of Beasts
 27022 | Lair:6   | Reached skill level 12 in Fighting
 27039 | Lair:5   | Reached skill level 1 in Shields
 27957 | Lair:6   | Gained mutation: You are completely covered in razor-sharp
                  | scales. (AC +3, Slay +3) [demonic ancestry]
 27957 | Lair:6   | Reached XP level 14. HP: 116/116 MP: 20/20
 29056 | Lair:6   | Reached skill level 13 in Fighting
 30190 | Lair:6   | Found a staircase to the Slime Pits.
 30862 | D:11     | Found a runed translucent gate.
 30863 | D:11     | Found a runed translucent gate.
 30863 | D:11     | Identified the +6 chain mail "Daikle" {rN+}
 30863 | D:11     | Noticed sirJeffrey23's ghost (journeyman DsMo)
 30864 | D:11     | Found a runed translucent gate.
 31717 | D:11     | Killed sirJeffrey23's ghost
 31722 | D:11     | Identified the +2 pair of boots "Exaeku Cose" {Str+6 Int+2}
 32775 | D:13     | Noticed Azrael
 33211 | D:13     | Found a gate to the Vaults.
 33492 | D:13     | Gained mutation: A meltable icy envelope protects you from
                  | harm. (AC +4) [demonic ancestry]
 33492 | D:13     | Reached XP level 15. HP: 125/125 MP: 21/21
 33597 | D:13     | Killed Azrael
 34517 | D:13     | Noticed Jorgrun
 34532 | D:13     | Killed Jorgrun
 35524 | D:14     | Found a transporter.
 35537 | D:14     | Noticed Ineisoh's ghost (journeyman DjFE)
 35538 | D:14     | Found a bloodstained altar of Trog.
 35712 | D:14     | Reached skill level 14 in Fighting
 35775 | D:14     | Identified Roxanne's Almanac of Moulding
 35775 | D:14     | Noticed Roxanne
 35821 | D:14     | Found a transporter.
 36225 | D:15     | Entered Level 15 of the Dungeon
 36225 | D:15     | Found a broken altar of Ashenzari.
 36285 | D:15     | Reached skill level 5 in Spellcasting
 36486 | D:15     | Found a staircase to the Depths.
 36583 | D:15     | Found a runed translucent door.
 36609 | D:15     | Identified the +9 spear "Asunniq" {vamp, Str+3 Int+3 Dex-2}
 36609 | D:15     | Noticed Opripao's ghost (journeyman MiFi)
 37320 | D:15     | Found Cuumuihap's Weapon Shoppe.
 37326 | D:15     | Reached skill level 10 in Invocations
 37501 | D:15     | Bought the +8 quick blade of Simolism {venom, Dex+3} for
                  | 1069 gold pieces
 38704 | Orc:1    | Entered Level 1 of the Orcish Mines
 38950 | Orc:2    | Entered Level 2 of the Orcish Mines
 38950 | Orc:2    | Found a runed translucent door.
 38960 | Orc:2    | Noticed Sonja
 38972 | Orc:2    | Found a burning altar of Makhleb.
 38975 | Orc:2    | Killed Sonja
 39024 | Orc:2    | Reached skill level 10 in Conjurations
 39320 | Orc:2    | Noticed Urug
 39333 | Orc:2    | Killed Urug
 39334 | Orc:2    | Reached skill level 10 in Ice Magic
 39365 | Orc:2    | Gained mutation: Your presence sometimes corrodes those you
                  | injure. [demonic ancestry]
 39365 | Orc:2    | Reached XP level 16. HP: 66/134 MP: 24/24
 39603 | Orc:2    | Found Bubber's Antique Weapon Shoppe.
 39614 | Orc:2    | Found Enujodya's Antique Weapon Shoppe.
 39654 | Orc:2    | Found Nyhici's Armour Emporium.
 39655 | Orc:2    | Found Waarurek's Book Boutique.
 39675 | Orc:2    | Found Qoshi Cas's Magic Scroll Emporium.
 39821 | Orc:2    | Bought a scroll of enchant weapon for 120 gold pieces
 39821 | Orc:2    | Bought a scroll of fear for 56 gold pieces
 39821 | Orc:2    | Bought a scroll of teleportation for 48 gold pieces
 39838 | Orc:2    | Found a staircase to the Elven Halls.
 40872 | Spider:1 | Entered Level 1 of the Spider Nest
 41025 | Spider:1 | Reached skill level 15 in Fighting
 43077 | Spider:2 | Reached skill level 16 in Fighting
 43139 | Spider:2 | You fall into a shaft and drop 1 floor!
 44281 | Spider:3 | Reached skill level 17 in Fighting
 45831 | Spider:3 | Noticed Louise
 45835 | Spider:3 | Killed Louise
 45879 | Spider:3 | Identified the +1 robe of the Devil's Advocate {+Blink rF-
                  | Str+2 Int+3}
 45883 | Spider:3 | Identified the -2 robe of Wrong Decisions {rN++ rCorr}
 45894 | Spider:3 | Learned a level 3 spell: Dazzling Flash
 45898 | Spider:3 | Learned a level 3 spell: Stone Arrow
 46010 | Spider:4 | Entered Level 4 of the Spider Nest
 46187 | Spider:4 | Reached skill level 1 in Hexes
 46228 | Spider:4 | Reached skill level 1 in Earth Magic
 46276 | Spider:4 | Reached XP level 17. HP: 149/149 MP: 26/26
 47143 | Spider:4 | Paralysed by a hornet for 3 turns
 47478 | Spider:4 | Reached skill level 18 in Fighting
 48151 | Spider:4 | Got a gossamer rune of Zot
 48632 | Shoals:1 | Entered Level 1 of the Shoals
 50032 | Shoals:2 | Learned a level 4 spell: Summon Ice Beast
 50067 | Shoals:2 | Reached skill level 1 in Summonings
 50274 | Shoals:2 | Identified the +8 hunting sling of Yvennar {venom, rPois
                  | Stlth+}
 51224 | Shoals:3 | Noticed Mlioglotl
 52141 | Shoals:3 | Reached skill level 5 in Hexes
 52647 | Shoals:4 | Entered Level 4 of the Shoals
 52665 | Shoals:3 | Reached skill level 1 in Slings
 52959 | Shoals:4 | Noticed Polyphemus
 53438 | Shoals:3 | Killed Mlioglotl
 53928 | Shoals:3 | Learned a level 5 spell: Metabolic Englaciation
 53948 | Shoals:4 | Noticed Kirke
 53956 | Shoals:4 | Reached skill level 5 in Earth Magic
 53970 | Shoals:3 | Killed Kirke
 53971 | Shoals:3 | Gained mutation: You have a tail ending in a sharp stinger.
                  | [demonic ancestry]
 53971 | Shoals:3 | Reached XP level 18. HP: 158/158 MP: 5/28
 54329 | Shoals:4 | Noticed Nikola
 54434 | Shoals:4 | Killed Nikola
 54975 | Shoals:4 | Identified the +1 scale mail of the Tarantula {rElec rC+
                  | Will+ Int+3}
 55198 | Shoals:4 | Reached skill level 1 in Armour
 55304 | Shoals:4 | Killed Polyphemus
 55899 | Shoals:4 | Got a barnacled rune of Zot
 56897 | Elf:1    | Entered Level 1 of the Elven Halls
 56959 | Elf:1    | Reached skill level 19 in Fighting
 57468 | Elf:1    | Got Sif Muna's Handbook of Summoning
 58305 | Elf:2    | Found Matuli's Firing Range.
 58351 | Elf:2    | Found a gateway to a bazaar.
 58358 | Elf:2    | Reached skill level 5 in Armour
 58361 | Elf:2    | Reached skill level 10 in Stealth
 58653 | Bazaar   | Entered a bazaar
 58653 | Bazaar   | Found Sipriz's General Store.
 58653 | Bazaar   | Found Vuazut's Antique Weapon Shop.
 58674 | Bazaar   | Found Izil's Antique Armour Emporium.
 58685 | Bazaar   | Found Diott's Distillery.
 58693 | Bazaar   | Bought a potion of heal wounds for 85 gold pieces
 58693 | Bazaar   | Bought a potion of curing for 51 gold pieces
 58693 | Bazaar   | Found Feell's Book Boutique.
 58724 | Bazaar   | Bought a book of Spectacle for 288 gold pieces
 58743 | Bazaar   | Bought a runed leather armour for 110 gold pieces
 58791 | Bazaar   | Bought a scroll of fog for 32 gold pieces
 58930 | Elf:2    | Reached XP level 19. HP: 163/166 MP: 31/31
 58954 | Elf:2    | Found a runed translucent gate.
 58955 | Elf:2    | Found a runed translucent gate.
 58956 | Elf:2    | Found a runed translucent gate.
 58957 | Elf:2    | Found an opulent altar of Gozag.
 58958 | Elf:2    | Noticed Jimecuask's ghost (adept FeBe)
 59287 | Elf:2    | Found a huge runed translucent gate.
 59287 | Elf:2    | Found a huge runed translucent gate.
 59287 | Elf:2    | Found a huge runed translucent gate.
 59293 | Elf:2    | Found a huge runed translucent gate.
 59293 | Elf:2    | Found a huge runed translucent gate.
 59320 | Elf:3    | Entered Level 3 of the Elven Halls
 59541 | Elf:3    | Cast into level 2 of the Abyss (a deep elf demonologist)
 59665 | Elf:3    | Escaped the Abyss
 59679 | Elf:3    | Noticed a Tzitzimitl
 60205 | Elf:3    | Found a runed translucent door.
 60205 | Elf:3    | Found a shimmering altar of Xom.
 60205 | Elf:3    | Noticed Psyclone's ghost (adept DECj)
 60206 | Elf:3    | Noticed Donald
 60220 | Elf:3    | Killed Donald
 60731 | Elf:3    | Identified the +1 quarterstaff "Jucaka" {vorpal, *Corrode
                  | rPois Will+ Str+5}
 61137 | Elf:3    | Identified the +12 halberd of Soutefeo {spect, Str+4 Int+4
                  | Dex-3}
 61318 | Elf:3    | Slain by a deep elf blademaster

Illustrated notes

Levels and vault maps discovered:
D:1:      heliophobic_arrival_ceremonial_halls, layout_basic,
          hellmonk_ecumenical_altar_defaced_shrine, kennysheep_minor_cross,
          minmay_tromino_v4_a
D:2:      layout_basic, nicolae_concentric_dashed_squares_mild,
          roderic_lattice_a, hangedman_glass_garden, minmay_misc_feat_alley,
          minmay_door_square
D:3:      layout_basic, minmay_overflow_temple_star_quad, minmay_checkerbox
D:4:      layout_loops_corners, nicolae_ossuary_entry_giza,
          gammafunk_ghost_cemetery
D:5:      layout_cave_pools, uniq_prince_ribbit1, uniq_pikel
D:6:      layout_rooms, mainiacjoe_overflow_catwalk, minmay_misc_feat_tiny
D:7:      layout_basic, minmay_temple_entry_nine_rooms, serial_shops,
          nicolae_shop_temple_entry_statues_fountains, corexii_corridor_pit,
          minmay_misc_feat_nine_boxes, uniq_joseph
D:8:      layout_loops_corners, nicolae_tso_swordbearing_angel, uniq_psyche,
          uniq_grum
D:9:      layout_gridville, overflow_temple_1_default, enter_bailey_5,
          uniq_maurice
D:10:     layout_grid_maze, lair_entry_dummy, david_orc_5
D:11:     layout_gridville, biasface_ghost_orc_armoury
D:12:     layout_irregular_city
D:13:     layout_layer_cave, grunt_vaults_entry_tiered, serial_glass,
          glass_columns_a, glass_columns_a, minmay_strange_pillars,
          item_on_display_a, unseen_surprise_small, uniq_jorgrun, uniq_azrael
D:14:     layout_big_octagon, chequers_mini_garden,
          gammafunk_ghost_wrathful_warriors, minmay_crystal_water, uniq_roxanne
D:15:     grunt_enter_depths_magical_seal, layout_basic,
          ebering_ghost_funeral_grove, lemuel_round_altar, serial_shops, shop,
          einodemon_armed_red_devil_minivault
Lair:1:   dragon1_lemuel, layout_chaotic_city
Lair:2:   layout_hall_layers, minmay_shoals_entry_hut
Lair:3:   layout_cave_pods, dummy_spider_entry,
          portal_ice_cave_entry_ice_simulacra, serial_bayou_shore_b,
          grunt_megastairs_1, uniq_snorg
Lair:4:   layout_roguey, lightli_volcano_entry_magma_tube, serial_bayou_ford_a,
          lemuel_another_geyser, grunt_megastairs_2
Lair:5:   layout_small_grid, beast_lair_carwin_5
Lair:6:   grunt_lair_end_beastmaster, layout_cave_shapes,
          minmay_slime_entry_oklob_enclosed, grunt_megastairs_4
Shoals:1: layout_shoals, nicolae_splish_splash
Shoals:2: layout_shoals
Shoals:3: layout_shoals, uniq_mlioglotl
Shoals:4: shoals_end_grunt_garden, layout_shoals, hangedman_shoals_cup_caves,
          uniq_polyphemus, uniq_nikola, uniq_kirke
Spider:1: layout_chambers
Spider:2: layout_spider_delve
Spider:3: layout_spider_delve, hellmonk_motheaten_closet, uniq_louise
Spider:4: spider_rune_water
Orc:1:    layout_caves, basic_altar
Orc:2:    st_orc_open, layout_diamond_mine, serial_shops, shop, basic_altar,
          lightli_church_of_beogh, uniq_sonja, uniq_urug
Elf:1:    layout_gridlike, minmay_elf_demonology
Elf:2:    elven_hall_of_blades_hangedman_alternative [mumra_blade_entry_dagger],
          layout_rooms, serial_shops, bzr_entry_islet, ebering_ghost_gozag,
          nicolae_shop_firing_range
Elf:3:    minmay_elf_hall_curves, layout_rooms, ebering_ghost_xom,
          nicolae_elf_martial_mastery, uniq_donald

Skill      XL: |  1  2  3  4  5  6  7  8  9 10 11 12 13 14 15 16 17 18 19 |
---------------+----------------------------------------------------------+-----
Stealth        | 2 3 4 5 7 8 10 11 | 11.3
Dodging        | 2 3 4 5 6 7 8 |  8.0
Fighting       | 1 2 3 4 5 6 8 10 12 13 14 17 18 19 | 19.0
Short Blades   | 1 2 3 4 6 7 9 11 12 | 12.0
Invocations    | 1 2 4 5 6 7 8 10 12 | 12.0
Ice Magic      | 4 6 7 8 10 12 | 12.6
Conjurations   | 4 7 8 10 | 10.0
Evocations     | 4 5 7 8 |  8.0
Shields        | 2 4 |  4.0
Spellcasting   | 4 5 7 8 |  8.0
Hexes          | 1 5 6 |  6.7
Earth Magic    | 1 5 |  5.0
Summonings     | 3 |  3.0
Slings         | 2 4 |  4.0
Armour         | 5 |  5.0

Action                   |  1- 3 |  4- 6 |  7- 9 | 10-12 | 13-15 | 16-18 | 19-21 || total
-------------------------+-------+-------+-------+-------+-------+-------+-------++-------
Melee: Unarmed           |    19 |       |       |       |       |       |       ||    19
       Short sword       |     9 |       |       |       |       |    54 |       ||    63
       Dagger            |    59 |   127 |   278 |   739 |  1362 |   299 |       ||  2864
       Tailslap          |     7 |    15 |    45 |   154 |   314 |   483 |    71 ||  1089
       Punch             |       |     2 |     5 |    20 |     3 |       |       ||    30
       Quick blade       |       |       |       |       |   125 |  1584 |   298 ||  2007
       Hunting sling     |       |       |       |       |       |     1 |       ||     1
 Fire: Hunting sling     |       |       |       |       |       |   142 |       ||   142
Throw: Throwing net      |       |       |     3 |       |       |       |       ||     3
       Dart              |       |       |       |     3 |     3 |       |       ||     6
       Boomerang         |       |       |       |     2 |     5 |    10 |       ||    17
 Cast: Freeze            |    24 |     4 |     5 |       |     4 |       |       ||    37
       Frozen Ramparts   |       |       |    14 |    43 |    48 |    30 |     2 ||   137
       Ozocubu's Armour  |       |       |       |    10 |    15 |     6 |       ||    31
       Hailstorm         |       |       |       |     1 |    12 |    75 |     4 ||    92
       Metabolic Englaci |       |       |       |       |       |     7 |    11 ||    18
       Stone Arrow       |       |       |       |       |       |    24 |    16 ||    40
       Summon Ice Beast  |       |       |       |       |       |       |     8 ||     8
       Dazzling Flash    |       |       |       |       |       |       |     3 ||     3
Invok: Lesser Servant of |       |       |       |       |       |     4 |       ||     4
       Greater Servant o |       |       |       |       |       |     3 |       ||     3
Evoke: Wand              |       |       |       |    10 |    20 |    26 |     3 ||    59
       Condenser vane    |       |       |       |       |     2 |     2 |     1 ||     5
       Box of beasts     |       |       |       |       |     1 |     1 |       ||     2
  Use: Scroll            |     6 |     5 |     8 |     9 |     9 |    10 |     5 ||    52
       Potion            |       |     2 |     1 |       |     1 |    13 |     2 ||    19
 Stab: Sleeping          |     6 |     8 |    10 |    18 |    42 |    33 |     2 ||   119
       Distracted        |       |     1 |       |     1 |     4 |     7 |     2 ||    15
       Held in net/web   |       |       |     1 |       |       |       |       ||     1
       Invisible         |       |       |       |       |       |     1 |     5 ||     6
Armor: Robe              |    31 |    17 |    56 |    81 |   271 |   326 |       ||   782
       Scale mail        |       |       |       |       |       |    62 |    38 ||   100
Dodge: Dodged            |    76 |    51 |   137 |   341 |   641 |   843 |    67 ||  2156
       Repelled          |       |       |       |       |       |    14 |     6 ||    20
Block: Other             |       |       |    18 |    63 |    15 |       |       ||    96
       Buckler           |       |       |       |       |   362 |   591 |    61 ||  1014

Table legend: (Time is in decaauts)
 A = Elapsed time spent in this place.
 B = Non-inter-level travel time spent in this place.
 C = Inter-level travel time spent in this place.
 D = Time resting spent in this place.
 E = Time spent auto-exploring this place.
 F = Levels seen in this place.
 G = Mean time per level.
                   A        B        C        D        E       F      G
               +--------+--------+--------+--------+--------+-----+--------+
         Total |  59165 |  57430 |   1735 |  27281 |  16010 |  38 | 1557.0 |
       Dungeon |  26209 |  25362 |    847 |  11412 |   9157 |  15 | 1747.3 |
          Lair |   9563 |   9022 |    541 |   3645 |   3391 |   6 | 1593.8 |
        Shoals |   7790 |   7748 |     42 |   4319 |    271 |   4 | 1947.5 |
   Spider Nest |   7370 |   7195 |    175 |   3841 |   1555 |   4 | 1842.5 |
  Orcish Mines |   1860 |   1764 |     96 |    567 |    737 |   2 |  930.0 |
   Elven Halls |   3783 |   3752 |     31 |   1740 |    898 |   3 | 1261.0 |
         Abyss |    122 |    122 |      0 |     61 |      0 |   1 |  122.0 |
        Bazaar |    149 |    149 |      0 |      0 |      0 |   1 |  149.0 |
       Ossuary |   1445 |   1445 |      0 |   1213 |      0 |   1 | 1445.0 |
        Bailey |    870 |    870 |      0 |    481 |      0 |   1 |  870.0 |
               +--------+--------+--------+--------+--------+-----+--------+

Top non-repeatable levels by time:
     D:1: 2688 daAuts
  Lair:6: 2654 daAuts
Shoals:3: 2539 daAuts
Spider:1: 2468 daAuts
Spider:4: 2385 daAuts
    D:13: 2345 daAuts
     D:3: 2199 daAuts
     D:2: 2198 daAuts
  Lair:5: 2095 daAuts
Shoals:4: 2090 daAuts
Shoals:2: 1980 daAuts
    D:15: 1962 daAuts
     D:8: 1945 daAuts
     D:4: 1907 daAuts
    D:10: 1890 daAuts
